 Dungeon Crawl Stone Soup version 0.17-a0-2215-g49c1de0 (webtiles) character file.

133 4thArraOfDagon the Chopper (level 4, -1/41 HPs)
             Began as a Minotaur Fighter on Oct 27, 2015.
             Killed from afar by an orc wizard (3 damage)
             ... with a magic dart
             ... on level 4 of the Dungeon.
             The game lasted 00:02:15 (495 turns).

4thArraOfDagon the Chopper (Minotaur Fighter)        Turns: 495, Time: 00:02:15

Health: -1/41      AC:  4    Str: 21    XL:     4   Next: 94%
Magic:  3/3        EV:  7    Int:  6    God:
Gold:   79         SH:  9    Dex:  9    Spells: 0 memorised, 3 levels left

rFire  . . .     SeeInvis .     a - +0 war axe
rCold  + . .     Clarity  .     b - +0 scale mail
rNeg   . . .     SustAt   .     c - +0 shield
rPois  .         Gourm    .     (helmet restricted)
rElec  .         Spirit   .     (no cloak)
rCorr  .         Warding  .     (no gloves)
rMut   .         Stasis   .     (no boots)
MR     .....                    (no amulet)
Stlth  ..........               (no ring)
                                j - -3 ring of protection (curse)

@: very slightly contaminated, drained, not resistant to hostile enchantments,
extremely unstealthy
A: retaliatory headbutt, horns 2, cold resistance 1
a: no special abilities


You were on level 4 of the Dungeon.
You were not hungry.

You visited 1 branch of the dungeon, and saw 5 of its levels.

You collected 79 gold pieces.

Inventory:

Hand Weapons
 a - a +0 war axe (weapon)
Armour
 b - a +0 scale mail (worn)
 c - a +0 shield (worn)
Jewellery
 j - a cursed -3 ring of protection (left hand)
Scrolls
 f - 2 scrolls of fear {unknown}
 g - a scroll of teleportation {unknown}
Comestibles
 e - a bread ration


   Skills:
 + Level 4.5(4.1) Fighting
 * Level 4.8(4.4) Axes
 + Level 4.6(4.2) Armour
 - Level 3.6(3.2) Shields


You had 3 spell levels left.
You didn't know any spells.

Dungeon Overview and Level Annotations

Branches:
Dungeon (5/15)
 Temple: D:4-7

Altars:
Xom

Annotations:
D:5 Sigmund


Innate Abilities, Weirdness & Mutations

You reflexively headbutt those who attack you in melee.
You have a pair of horns on your head.
Your flesh is cold resistant.


Message History

You barely miss the orc wizard.
The orc wizard is moderately wounded.
The orc wizard hits you but does no damage.
You closely miss the orc wizard.
The orc wizard is moderately wounded.
The orc wizard hits you with a dagger.
* * * LOW HITPOINT WARNING * * *
The orc wizard hits you but does no damage.
You barely miss the orc wizard.
The orc wizard is moderately wounded.
The orc wizard hits you with a dagger.
* * * LOW HITPOINT WARNING * * *
The orc wizard hits you but does no damage.
The orc wizard hits you with a dagger.
* * * LOW HITPOINT WARNING * * *
Your shield and scale mail prevent you from hitting the orc wizard.
The orc wizard is moderately wounded.
The orc wizard gestures at you while chanting.
The magic dart hits you!
You die...

#################
.........@o......
........†########
..######.# #.# # #)#
#.#..######.#####
#.......>.......##
.....###............
### ###.##.###.####


You could see an orc wizard.

Vanquished Creatures
  2 orc wizards (D:3)
  Terence (D:2)
  3 adders
  A worm (D:2)
  A giant gecko (D:2)
  5 orcs
  A bat (D:3)
  2 goblins
  3 hobgoblins
  A quokka (D:2)
  A giant newt (D:1)
21 creatures vanquished.

Notes
Turn   | Place    | Note
--------------------------------------------------------------
     0 | D:1      | 4thArraOfDagon the Minotaur Fighter began the quest for the Orb.
     0 | D:1      | Reached XP level 1. HP: 19/19 MP: 0/0
   139 | D:2      | Noticed Terence
   141 | D:2      | Killed Terence
   141 | D:2      | Reached skill level 4 in Armour
   141 | D:2      | Reached XP level 2. HP: 27/27 MP: 1/1
   141 | D:2      | Reached XP level 3. HP: 33/33 MP: 2/2
   164 | D:3      | Reached XP level 4. HP: 31/40 MP: 3/3
   260 | D:2      | Found a shimmering altar of Xom.
   447 | D:5      | Entered Level 5 of the Dungeon
   447 | D:5      | Noticed Sigmund
   453 | D:5      | Gained mutation: Your flesh is cold resistant. [potion of beneficial mutation]
   494 | D:4      | HP: 1/41 [orc wizard/dagger (2)]
   495 | D:4      | Killed from afar by an orc wizard

Vault maps used:
D:1:      wheals_arrival_linesprint, minmay_stone_trees_small, minmay_ruptured
D:2:      marbit_many_paths, xom_teletrap_fun, elyvilon_altar_4,
          kennysheep_generic_room_2, uniq_terence
D:4:      first_bread, bloody_trog, uniq_grinder
D:5:      basic_altar, serial_shops, kennysheep_mini, uniq_sigmund

Action                   |  1- 3 |  4- 6 || total
-------------------------+-------+-------++-------
Melee: War axe           |    16 |    34 ||    50
  Use: Potion            |     1 |     3 ||     4
